 Dungeon Crawl Stone Soup version 0.19-a0-1886-gd64a0f0 (webtiles) character file.

1278 Eniamerus the Covert (level 8, -2/39 HPs)
             Began as a Spriggan Assassin on Oct 15, 2016.
             Was a Follower of Okawaru.
             Slain by Duvessa
             ... wielding a +0 short sword of freezing
              (3 damage)
             ... on level 5 of the Dungeon.
             The game lasted 00:11:44 (7329 turns).

Eniamerus the Covert (Spriggan Assassin)            Turns: 7329, Time: 00:11:46

Health: -2/39      AC:  4    Str:  7    XL:     8   Next: 29%
Magic:  9/9        EV: 23    Int: 15    God:    Okawaru [*.....]
Gold:   241        SH:  0    Dex: 23    Spells: 0 memorised, 7 levels left

rFire  . . .     SeeInvis +     v - +10 sword of Jihad {holy, *Rage rN+ EV+3}
rCold  . . .     Gourm    .     c - +0 robe
rNeg   + . .     Faith    .     (shield restricted)
rPois  .         Spirit   .     (helmet restricted)
rElec  .         Dismiss  .     d - +1 cloak
rCorr  .         Reflect  .     (gloves unavailable)
MR     ++...     Harm     .     (boots unavailable)
Stlth  ++++++.... Rnd*Rage +    (no amulet)
                                r - +4 ring of dexterity
                                t - +2 ring of intelligence

@: very quick
A: unfitting armour, see invisible, herbivore 3, speed 3, magic resistance 1,
slow metabolism 2
a: Heroism, Renounce Religion


You were on level 5 of the Dungeon.
You worshipped Okawaru.
Okawaru was aware of your devotion.
You were not hungry.

You visited 2 branches of the dungeon, and saw 6 of its levels.

You collected 241 gold pieces.

Inventory:

Hand Weapons
 a - a +3 dagger
 b - a +0 blowgun
 k - a +1 whip of electrocution
 v - the +10 sword of Jihad (weapon) {holy, *Rage rN+ EV+3}
   (You found it on level 4 of the Dungeon)

   It has been blessed by the Shining One to cause great damage to the undead
   and demons.
   It affects your evasion (+3).
   It protects you from negative energy.
   It may make you go berserk in combat.
 w - a +2 dagger
Missiles
 e - 11 poisoned needles
 f - 2 curare-tipped needles
Armour
 c - a +0 robe (worn)
 d - a +1 cloak (worn)
Jewellery
 r - a +4 ring of dexterity (right hand)
 t - a +2 ring of intelligence (left hand)
 u - an uncursed ring of fire
 y - an uncursed ring of protection from magic {unknown}
Wands
 j - a wand of random effects (26/48)
 s - a wand of lightning (7/15)
Scrolls
 h - a scroll of amnesia
 o - 3 scrolls of remove curse
 p - a scroll of magic mapping
Potions
 i - 4 potions of curing
 l - a potion of flight
 m - a potion of magic
 n - 2 potions of ambrosia {unknown}
 q - a potion of brilliance {unknown}
 x - a potion of heal wounds
Comestibles
 g - 2 bread rations
 z - 5 fruits


   Skills:
 + Level 2.7 Fighting
 + Level 3.6 Short Blades
 + Level 3.3 Throwing
 + Level 4.0 Dodging
 + Level 13.6 Stealth


You had 7 spell levels left.
You didn't know any spells.

Dungeon Overview and Level Annotations

Branches:
Dungeon (5/15)             Temple (1/1) D:5

Altars:
Ashenzari
Cheibriados
Dithmenos
Elyvilon
Fedhas
Hepliaklqana
Kikubaaqudgha
Makhleb
Okawaru
Qazlal
Ru
Sif Muna
Trog
Uskayaw
Xom
Zin
The Shining One

Annotations:
D:5 Duvessa


Innate Abilities, Weirdness & Mutations

You are very small and have problems with some larger weapons.
You are too small for most types of armour.
You have supernaturally acute eyesight. (SInv)
You are a herbivore.
You cover ground extremely quickly.
You need consume almost no food.
You are resistant to hostile enchantments. (MR+)


Message History

Okawaru accepts your kill.
Duvessa screams, "No!
How DARE you!"
Duvessa goes berserk!
Your Dodging skill increases to level 4!
Duvessa hits you with a short sword of freezing!
Duvessa freezes you.
Wield which item (- for none, * to show all)? (? for menu, Esc to quit)
The +10 sword of Jihad {holy, *Rage rN+ EV+3} softly glows with a divine radiance!
v - the +10 sword of Jihad (weapon)
{holy, *Rage rN+ EV+3} You slash Duvessa!
Duvessa is moderately wounded.
Duvessa closely misses you. Duvessa hits you but does no damage.
You slash Duvessa!
Duvessa is heavily wounded.
Duvessa hits you with a short sword of freezing!
Duvessa freezes you.
Duvessa hits you with a short sword of freezing!
* * * LOW HITPOINT WARNING * * *
Duvessa freezes you.
You die...

...#.### ##.##..#..##
.........####.....##.)รท
...#............#####
#...###..##....#####
#.#..###............
#..#..####..........
#..#..##...........
##[##..#...........
#@###.#.##.#.####. #e#
#...##.#.# #. #.#
#..###...# #. #......#
##.#####. ####...#
#........ ##..#
#.####... #..###........
#......####... #.#....#
#...


You could see Duvessa (berserk).

Vanquished Creatures
  Eustachio (D:4)
  Menkaure (D:4)
  A sky beast (D:5)
  2 ogres
  2 phantoms
  A bullfrog (D:5)
  A scorpion (D:4)
  Dowan (D:5)
  A hound (D:4)
  Ijyb (D:3)
  Natasha (thrice) (D:3)
  3 orc wizards
  4 worker ants
  4 adders
  An adder skeleton (D:4)
  3 dart slugs
  3 leopard geckos
  12 orcs
  7 giant cockroaches
  7 goblins
  6 hobgoblins
  7 jackals
  5 kobolds
  2 ball pythons (D:4)
  2 bats (D:3)
  8 frilled lizards
  8 rats
97 creatures vanquished.

Notes
Turn   | Place    | Note
-------+----------+-------------------------------------------
     0 | D:1      | Eniamerus the Spriggan Assassin began the quest for the Orb.
     0 | D:1      | Reached XP level 1. HP: 10/10 MP: 2/2
    76 | D:1      | Reached skill level 6 in Stealth
   541 | D:1      | Reached XP level 2. HP: 14/14 MP: 3/3
  1336 | D:1      | Reached skill level 7 in Stealth
  1737 | D:2      | Reached XP level 3. HP: 14/18 MP: 4/4
  2753 | D:3      | Reached skill level 8 in Stealth
  2815 | D:3      | Gained mutation: You are resistant to hostile enchantments. (MR+) [potion of mutation]
  2815 | D:3      | Gained mutation: You are clumsy. (Dex -2) [potion of mutation]
  2815 | D:3      | Lost mutation: You are clumsy. (Dex -2) [potion of mutation]
  3028 | D:3      | Reached XP level 4. HP: 19/22 MP: 5/5
  3220 | D:3      | Noticed a phantom
  3225 | D:3      | Noticed Ijyb
  3233 | D:3      | Noticed Natasha
  3291 | D:3      | Killed Ijyb
  3291 | D:3      | Reached skill level 9 in Stealth
  3299 | D:3      | Killed Natasha
  3299 | D:3      | Reached XP level 5. HP: 24/25 MP: 6/6
  3465 | D:3      | Killed a phantom
  3465 | D:3      | Reached skill level 10 in Stealth
  3688 | D:3      | Noticed Natasha
  3710 | D:3      | Killed Natasha
  4459 | D:3      | Reached skill level 11 in Stealth
  4459 | D:3      | Reached XP level 6. HP: 30/30 MP: 7/7
  5044 | D:3      | Noticed Natasha
  5060 | D:3      | Killed Natasha
  5165 | D:4      | Noticed Menkaure
  5169 | D:4      | Killed Menkaure
  5169 | D:4      | Reached skill level 12 in Stealth
  5244 | D:4      | Found an iron altar of Okawaru.
  5253 | D:4      | Became a worshipper of Warmaster Okawaru
  5292 | D:4      | Reached XP level 7. HP: 28/33 MP: 8/8
  5948 | D:4      | Noticed Eustachio
  5961 | D:4      | Killed Eustachio
  5961 | D:4      | Reached skill level 13 in Stealth
  6076 | D:4      | Found a shadowy altar of Dithmenos.
  6122 | D:4      | Reached * piety under Okawaru
  6748 | D:5      | Entered Level 5 of the Dungeon
  6749 | D:5      | Reached XP level 8. HP: 39/39 MP: 9/9
  7044 | D:5      | Found a staircase to the Ecumenical Temple.
  7057 | Temple   | Entered the Ecumenical Temple
  7322 | D:5      | Noticed Duvessa
  7322 | D:5      | Noticed Dowan
  7326 | D:5      | Killed Dowan
  7329 | D:5      | HP: 1/39 [Duvessa/short sword of freezing (13)]
  7329 | D:5      | Slain by Duvessa

Vault maps used:
D:1:      ncdulo_watergridlock
D:2:      kennysheep_generic_room_2
D:3:      uniq_iyjb, uniq_natasha
D:4:      grunt_dithmenos_shadows, st_stairs_11, minivault_5,
          okawaru_gym_becter, uniq_menkaure, uniq_eustachio
D:5:      first_bread, uniq_blork_the_orc, uniq_duvessa
Temple:   eino_temple_scatter_basement

Skill      XL: |  1  2  3  4  5  6  7  8 |
---------------+-------------------------+-----
Stealth        | 6 7 8 9 11 12 13 | 13.6
Dodging        | 3 4 |  4.0
Fighting       | 2 |  2.7
Short Blades   | 3 |  3.6
Throwing       | 3 |  3.3

Action                   |  1- 3 |  4- 6 |  7- 9 || total
-------------------------+-------+-------+-------++-------
Melee: Dagger            |   121 |    25 |     6 ||   152
       Whip              |     1 |    66 |       ||    67
       Eudemon blade     |       |    13 |    37 ||    50
 Fire: Blowgun           |       |    11 |       ||    11
  Use: Scroll            |     7 |     2 |     2 ||    11
       Potion            |     2 |     1 |       ||     3
 Stab: Sleeping          |    12 |     7 |    11 ||    30
       Distracted        |       |     3 |       ||     3
  Eat: Pizza             |       |     1 |       ||     1
       Bread ration      |       |     1 |       ||     1
Armor: Robe              |     7 |    12 |     3 ||    22
Dodge: Dodged            |    63 |    69 |    21 ||   153
       Rpst.: Eudemon blade |       |     5 |     6 ||    11
